Map: Newkirk Precinct TE (Void)

Players

Neeb

  • Race: Protoss Protoss
  • Spawn Location: 5:00

TYTY (TY) - Winner!

  • Race: Terran Terran
  • League: Diamond
  • Spawn Location: 7:00

Event: WESG 2016 Finals

VOD

Have the link to the VOD?

Description

Time

  • Played on: Jan. 15, 2017, 3:29 p.m.
  • Length: 11:17

All games in this series

Show
View Real Time Build Order
Export as new Build Order

Neeb Protoss 

Build Orders: 1 Gate Expand, Oracle Opening, Phoenix Opening 

Get SALT Encoding   

  12  0:00  Probe (Chrono Boost)  
  13  0:11  Probe (Chrono Boost)  
  14  0:17  Pylon  
  14  0:22  Probe (Chrono Boost)  
  16  0:35  Probe (Chrono Boost)  
  16  0:36  Gateway  
  16  0:46  Probe (Chrono Boost)  
  16  0:47  Assimilator  
  17  0:57  Probe (Chrono Boost)  
  18  1:07  Probe (Chrono Boost)  
  19  1:19  Nexus  
  19  1:22  Probe (Chrono Boost)  
  20  1:32  Cybernetics Core  
  20  1:35  Probe (Chrono Boost)  
  21  1:40  Assimilator  
  21  1:46  Probe (Chrono Boost)  
  22  1:50  Pylon  
  22  1:56  Probe (Chrono Boost)  
  23  2:05  Adept  
  24  2:09  Warp Gate  
  24  2:10  Probe (Chrono Boost)  
  26  2:22  Probe (Chrono Boost)  
  27  2:25  Stargate  
  27  2:28  Adept  
  27  2:32  Probe (Chrono Boost)  
  27  2:35  Probe (Chrono Boost)  
  31  2:43  Probe (Chrono Boost)  
  32  2:47  Probe (Chrono Boost)  
  33  2:53  Probe (Chrono Boost)  
  33  2:58  Probe (Chrono Boost)  
  35  3:04  Probe (Chrono Boost), Oracle  
  35  3:09  Probe (Chrono Boost)  
  38  3:14  Probe (Chrono Boost)  
  39  3:22  Probe (Chrono Boost)  
  39  3:25  Mothership Core (Chrono Boost)  
  42  3:29  Gateway  
  42  3:31  Gateway  
  42  3:34  Probe (Chrono Boost)  
  43  3:40  Phoenix  
  43  3:41  Pylon  
  43  3:43  Probe (Chrono Boost)  
  46  3:49  Pylon  
  46  3:54  Pylon  
  46  3:59  Probe (Chrono Boost)  
  46  4:01  Probe (Chrono Boost)  
  48  4:04  Phoenix  
  50  4:10  Probe (Chrono Boost)  
  50  4:13  Probe (Chrono Boost)  
  50  4:16  Assimilator  
  52  4:17  Assimilator  
  52  4:20  Probe (Chrono Boost)  
  54  4:25  Probe (Chrono Boost), Phoenix  
  57  4:31  Probe (Chrono Boost)  
  57  4:37  Probe (Chrono Boost)  
  58  4:38  Nexus  
  58  4:42  Probe (Chrono Boost)  
  58  4:44  Pylon  
  59  4:49  Sentry  
  59  4:50  Probe (Chrono Boost)  
  63  4:53  Probe (Chrono Boost)  
  63  4:55  Robotics Facility  
  63  5:00  Phoenix  
  63  5:03  Probe (Chrono Boost)  
  63  5:05  Probe (Chrono Boost)  
  67  5:12  Pylon  
  68  5:15  Probe x2 (Chrono Boost)  
  69  5:22  Twilight Council  
  69  5:23  Forge  
  69  5:25  Phoenix  
  69  5:27  Probe (Chrono Boost)  
  70  5:31  Adept  
  70  5:33  Adept  
  76  5:37  Adept  
  76  5:40  Probe (Chrono Boost)  
  76  5:41  Probe (Chrono Boost)  
  80  5:43  Protoss Ground Weapons Level 1, Observer  
  80  5:46  Resonating Glaives  
  81  5:51  Probe x2 (Chrono Boost)  
  81  5:53  Probe (Chrono Boost), Adept  
  81  5:54  Adept  
  88  6:01  Phoenix  
  88  6:03  Probe (Chrono Boost)  
  89  6:09  Probe (Chrono Boost)  
  93  6:12  Probe (Chrono Boost)  
  93  6:16  Immortal  
  97  6:21  Probe (Chrono Boost)  
  98  6:26  Adept  
  98  6:29  Pylon  
  98  6:30  Gateway  
  98  6:32  Gateway  
  100  6:37  Gateway  
  98  6:41  Pylon  
  98  6:42  Probe x2 (Chrono Boost)  
  98  6:43  Probe (Chrono Boost)  
  98  6:45  Pylon x2  
  98  6:46  Pylon  
  101  6:50  Adept  
  101  6:51  Adept x2  
  107  6:54  Immortal  
  111  7:04  Pylon  
  111  7:07  Assimilator  
  111  7:13  Sentry, Stalker, Gateway  
  111  7:14  Stalker, Gateway  
  117  7:28  Immortal  
  117  7:30  Protoss Ground Armor Level 1  
  117  7:32  Adept x2  
  125  7:42  Stalker x3  
  131  7:50  Stalker  
  131  7:55  Pylon  
  131  7:56  Pylon  
  131  8:00  Stalker  
  131  8:01  Stalker  
  129  8:11  Stalker x3  
  127  8:24  Adept  
  125  8:30  Photon Cannon  
  123  8:36  Adept  
  123  8:37  Adept x6  
  129  8:47  Probe (Chrono Boost)  
  123  8:49  Probe x2 (Chrono Boost)  
  123  8:51  Stalker  
  122  8:56  Assimilator  
  115  9:02  Stalker  
  115  9:03  Stalker x6  
  129  9:10  Twilight Council  
  129  9:12  Probe (Chrono Boost), Observer  
  129  9:14  Probe x2 (Chrono Boost)  
  131  9:22  Adept  
  133  9:25  Pylon  
  127  9:32  Stalker x7  
  127  9:34  Observer  
  138  9:47  Photon Cannon  
  131  10:02  Stalker x7  
  145  10:09  Probe (Chrono Boost)  
  145  10:11  Probe (Chrono Boost)  
  142  10:24  Probe (Chrono Boost)  
  142  10:26  Probe (Chrono Boost)  
  142  10:27  Adept  
  142  10:28  Adept x6  
  126  10:59  Stalker x6  
Show
View Real Time Build Order
Export as new Build Order

TYTY Terran - Winner!

Build Orders: Reaper Expand, MMM Bio 

Get SALT Encoding   

  12  0:00  SCV  
  13  0:12  SCV  
  14  0:18  Supply Depot  
  14  0:25  SCV  
  15  0:29  Refinery  
  15  0:39  SCV  
  16  0:45  Barracks  
  16  0:51  SCV  
  17  1:03  SCV  
  18  1:15  SCV  
  19  1:32  Orbital Command, Reaper  
  20  1:47  Command Center  
  20  1:59  Factory  
  20  2:01  SCV  
  20  2:06  Barracks Reactor  
  21  2:13  SCV  
  22  2:18  Supply Depot  
  22  2:24  Engineering Bay  
  22  2:27  SCV  
  23  2:33  Refinery  
  23  2:40  SCV  
  24  2:46  Marine x2  
  24  2:48  Starport  
  26  2:53  SCV  
  26  2:56  Widow Mine  
  28  3:04  Marine x2  
  30  3:12  SCV  
  31  3:16  Orbital Command  
  31  3:24  SCV  
  31  3:25  Marine  
  33  3:30  Viking  
  34  3:35  Marine  
  34  3:36  SCV  
  34  3:40  Factory Tech Lab  
  36  3:42  SCV  
  36  3:44  Marine  
  38  3:48  SCV  
  40  3:59  SCV  
  40  4:00  SCV  
  40  4:01  Barracks  
  41  4:11  Barracks, SCV  
  41  4:13  SCV  
  43  4:17  Factory Reactor  
  43  4:18  Stimpack  
  43  4:19  Starport Reactor  
  43  4:22  Supply Depot  
  43  4:24  SCV  
  45  4:25  SCV  
  45  4:28  Engineering Bay  
  46  4:33  Marine  
  46  4:44  SCV x2  
  46  4:45  Supply Depot x2  
  48  4:54  Missile Turret  
  48  4:56  SCV  
  48  4:57  Medivac x2  
  48  4:58  Terran Infantry Weapons Level 1, SCV  
  54  5:00  Refinery  
  54  5:06  Marine x3  
  57  5:07  Marine x2  
  57  5:10  SCV  
  57  5:12  Supply Depot  
  57  5:13  Liberator  
  60  5:14  SCV  
  60  5:20  Missile Turret  
  60  5:21  Factory Reactor  
  60  5:24  Marine x2  
  60  5:25  SCV  
  60  5:26  Marine x2, Liberator  
  65  5:34  SCV  
  69  5:37  Supply Depot, SCV  
  69  5:41  Refinery  
  70  5:44  Marine  
  70  5:48  Marine x2  
  70  5:49  Marine  
  77  5:52  Marine  
  78  5:58  Widow Mine x2  
  78  6:03  Marine  
  83  6:04  Supply Depot  
  83  6:06  Marine  
  83  6:07  Supply Depot, Liberator  
  84  6:15  Marine x3  
  84  6:20  SCV  
  84  6:21  Liberator  
  86  6:37  Widow Mine  
  86  6:38  Cyclone, Marine x3, SCV  
  86  6:39  Marine  
  100  6:41  SCV  
  101  6:48  Supply Depot  
  101  6:49  Combat Shields  
  101  6:53  SCV  
  101  7:00  Terran Infantry Armor Level 1  
  102  7:03  Supply Depot  
  102  7:07  Marine  
  102  7:09  Marine x4  
  102  7:11  Supply Depot, Widow Mine x2  
  110  7:24  Medivac x2  
  114  7:30  Supply Depot, Marine x3  
  114  7:31  Supply Depot, Marine  
  118  7:42  SCV x2  
  116  7:45  Widow Mine  
  116  7:46  Widow Mine, Missile Turret  
  116  7:49  Marine x2  
  122  7:54  Marine x2, SCV x2  
  126  8:01  Command Center  
  123  8:11  Medivac  
  123  8:12  Marine x4  
  126  8:14  Widow Mine x2, SCV  
  126  8:15  Marine  
  127  8:23  SCV  
  127  8:26  SCV  
  124  8:29  Marine  
  124  8:30  Marine x2  
  124  8:32  Marine  
  124  8:33  Marine, Liberator x2  
  129  8:35  SCV  
  130  8:47  Marine x2  
  124  9:01  Marine x2  
  124  9:02  Marauder  
  118  9:03  SCV x2  
  118  9:09  Widow Mine  
  120  9:10  Widow Mine  
  120  9:13  Orbital Command  
  120  9:15  SCV  
  125  9:20  Marine x3, Liberator x2  
  125  9:23  Marauder  
  130  9:29  SCV x2  
  135  9:41  SCV  
  135  9:43  Marine x2  
  135  9:44  Marine x2  
  140  9:48  Engineering Bay  
  140  9:51  SCV x2  
  140  9:58  Engineering Bay, Armory  
  136  10:01  Orbital Command  
  136  10:02  Marauder, Marine x4  
  139  10:09  Barracks  
  139  10:10  SCV x2  
  139  10:13  Barracks  
  142  10:20  Medivac x2  
  137  10:29  Missile Turret  
  137  10:31  Marauder, Marine x3  
  142  10:38  SCV x2  
  142  10:53  Marauder  
  142  10:56  Marine  
  142  10:57  Marine  
  144  10:58  SCV x2  
Tags
 
Add a new tag
Caveats
  • Supply blocks, unpowered buildings, or Contaminate may cause inaccurate times.
  • Supply counts are checked every 10 seconds.